Map: Аура смерти РВ

Players

VortiX

  • Race: Zerg Zerg
  • Spawn Location: 11:00

Kas - Winner!

  • Race: Terran Terran
  • League: Master
  • Spawn Location: 5:00

Event: DreamHack SC2 Masters 2020 Winter

VOD

Have the link to the VOD?

Description

Time

  • Played on: Oct. 16, 2020, 1:36 p.m.
  • Length: 18:52

All games in this series

Show
View Real Time Build Order
Export as new Build Order

VortiX Zerg 

Build Orders: Hatch First, Muta Ling Bane 

Get SALT Encoding   

  12  0:00  Drone  
  13  0:13  Overlord  
  13  0:17  Drone  
  14  0:31  Drone x2  
  16  0:47  Hatchery  
  15  0:51  Drone  
  15  0:55  Drone  
  17  1:00  Drone  
  18  1:09  Extractor  
  17  1:15  Spawning Pool  
  17  1:16  Drone  
  17  1:19  Drone  
  18  1:28  Drone  
  19  1:39  Drone  
  20  1:49  Overlord  
  20  2:01  Queen  
  20  2:02  Zergling x4, Queen  
  26  2:10  Drone  
  26  2:11  Drone, Metabolic Boost  
  28  2:21  Drone  
  28  2:22  Drone  
  30  2:31  Overlord  
  30  2:36  Drone  
  31  2:37  Queen  
  31  2:40  Queen  
  35  2:45  Drone  
  35  2:50  Drone  
  37  2:57  Overlord, Drone  
  38  3:06  Drone  
  38  3:07  Drone  
  38  3:12  Drone x3  
  43  3:16  Drone x3  
  43  3:19  Drone x2  
  48  3:23  Lair  
  48  3:38  Hatchery  
  48  3:40  Drone x3  
  48  3:41  Drone  
  51  3:44  Extractor  
  51  3:46  Drone  
  51  3:47  Drone  
  52  3:48  Overlord  
  52  3:54  Extractor, Baneling Nest  
  50  3:56  Extractor  
  50  3:58  Overlord  
  50  3:59  Drone x2  
  50  4:01  Drone  
  52  4:06  Drone x2  
  54  4:10  Zergling x2  
  54  4:15  Zergling x2  
  56  4:22  Zergling x2  
  56  4:23  Zergling x2  
  58  4:24  Drone  
  58  4:25  Spire  
  58  4:26  Spore Crawler  
  58  4:29  Overlord  
  58  4:31  Queen, Drone  
  58  4:34  Zergling x4  
  58  4:37  Drone  
  63  4:41  Drone  
  63  4:43  Drone  
  65  4:51  Drone  
  65  4:52  Drone x2  
  68  5:02  Overlord  
  67  5:09  Drone x6  
  73  5:14  Overlord  
  73  5:15  Overlord  
  73  5:26  Overseer  
  73  5:38  Mutalisk x7  
  73  5:41  Drone  
  88  5:43  Drone  
  88  5:45  Evolution Chamber, Drone  
  88  5:46  Evolution Chamber, Drone x2  
  88  5:48  Overlord  
  90  5:54  Drone x4, Extractor  
  90  5:56  Extractor  
  92  6:03  Drone x3  
  95  6:04  Drone  
  95  6:05  Drone  
  95  6:06  Hatchery  
  95  6:07  Drone  
  95  6:08  Centrifical Hooks  
  95  6:10  Drone  
  98  6:14  Zerg Flyer Weapons Level 1  
  98  6:15  Zerg Melee Weapons Level 1  
  98  6:16  Zergling x4  
  99  6:21  Zergling x8  
  99  6:24  Zergling x4  
  96  6:35  Mutalisk x3  
  96  6:39  Zergling x8  
  102  6:45  Zerg Ground Armor Level 1  
  100  6:47  Baneling x4  
  100  6:48  Overlord, Drone x2  
  102  6:57  Mutalisk  
  102  6:58  Mutalisk  
  102  7:00  Overlord x2  
  102  7:01  Overlord  
  106  7:03  Baneling x3  
  106  7:05  Overlord  
  104  7:15  Mutalisk  
  104  7:16  Mutalisk  
  104  7:17  Drone  
  104  7:18  Drone x2  
  104  7:20  Zergling x6  
  114  7:25  Zergling x2  
  114  7:26  Zergling x4  
  114  7:28  Zergling x6  
  120  7:31  Mutalisk x2  
  120  7:35  Baneling x5  
  124  7:38  Zergling x8  
  124  7:39  Overseer  
  124  7:41  Zergling x4  
  130  7:44  Zergling x2  
  130  7:54  Mutalisk x2  
  130  7:57  Zergling x16  
  131  8:07  Zergling x18  
  130  8:22  Drone x4  
  130  8:23  Drone x2  
  130  8:24  Baneling x7  
  131  8:29  Extractor  
  131  8:30  Extractor  
  131  8:34  Drone x10  
  130  8:35  Zerg Melee Weapons Level 2  
  130  8:37  Infestation Pit  
  138  8:42  Hatchery  
  138  8:44  Overlord  
  137  8:49  Zergling x14  
  139  8:56  Baneling x6  
  139  8:57  Overlord x2  
  139  8:58  Zergling x12  
  139  8:59  Pneumatized Carapace  
  139  9:01  Overseer  
  145  9:03  Zergling x10  
  145  9:07  Overlord  
  150  9:10  Zerg Ground Armor Level 2  
  150  9:12  Mutalisk  
  150  9:14  Overlord  
  150  9:18  Mutalisk  
  150  9:19  Zergling x2  
  150  9:20  Zergling x6  
  156  9:26  Zergling x18  
  156  9:29  Hive  
  165  9:35  Baneling  
  165  9:36  Baneling x8  
  165  9:37  Zergling x8  
  169  9:43  Zergling x2  
  169  9:44  Zergling x4  
  172  9:48  Zergling x8  
  143  10:04  Zergling x10  
  143  10:05  Zergling x12  
  146  10:08  Mutalisk x3  
  145  10:15  Baneling x10  
  145  10:16  Zergling x12  
  152  10:21  Zergling x14  
  152  10:26  Mutalisk  
  152  10:27  Mutalisk x3  
  166  10:30  Baneling  
  166  10:31  Zergling x2, Baneling x7  
  167  10:46  Zergling x22  
  167  10:47  Ultralisk Cavern  
  177  10:51  Zergling x2  
  177  10:52  Zergling x18  
  187  10:57  Baneling x5  
  187  10:58  Baneling x4  
  163  11:14  Zerg Melee Weapons Level 3, Adrenal Glands  
  163  11:17  Zergling x4  
  163  11:18  Zergling x26  
  175  11:20  Zergling x4  
  175  11:21  Zergling x2  
  175  11:22  Zergling x2  
  179  11:28  Zerg Ground Armor Level 3  
  179  11:29  Baneling x4  
  175  11:36  Zergling x12  
  175  11:39  Baneling x3  
  181  11:40  Baneling x6  
  181  11:42  Baneling  
  181  11:43  Baneling  
  181  11:47  Zergling x12  
  173  11:58  Chitinous Plating  
  173  12:09  Zergling x16, Ultralisk  
  187  12:20  Zergling x2  
  187  12:21  Zergling x8, Ultralisk  
  198  12:45  Hatchery, Overseer x2  
  197  12:59  Baneling x13  
  197  13:00  Baneling  
  161  13:14  Zergling x2, Ultralisk  
  161  13:15  Zergling x28, Ultralisk  
  161  13:17  Anabolic Synthesis  
  151  13:22  Mutalisk x5  
  151  13:24  Zergling x2  
  151  13:25  Zergling x26  
  171  13:30  Zergling x6  
  171  13:31  Zergling x8  
  176  13:35  Zergling x2  
  176  13:36  Zergling x4  
  176  13:39  Mutalisk x2  
  179  13:43  Baneling x10  
  175  13:51  Zergling x16  
  175  13:54  Baneling x6  
  182  14:01  Greater Spire  
  182  14:05  Overlord x2  
  182  14:09  Baneling x2  
  182  14:10  Baneling x9  
  144  14:39  Zergling x30, Ultralisk x2  
  144  14:41  Zergling x2  
  144  14:42  Zergling x16  
  179  14:49  Zergling x2  
  179  14:50  Zergling x12  
  176  14:53  Zergling x6  
  176  14:57  Baneling  
  176  14:58  Baneling x9  
  176  15:09  Overlord x4  
  176  15:11  Overseer x4  
  176  15:13  Baneling  
  176  15:14  Baneling x3  
  176  15:18  Drone x2  
  178  15:26  Corruptor  
  178  15:27  Corruptor x2  
  171  15:30  Corruptor  
  173  15:37  Extractor x2, Corruptor x2  
  173  15:39  Corruptor  
  177  15:45  Corruptor  
  179  15:51  Corruptor  
  179  15:59  Brood Lord x2  
  179  16:13  Brood Lord  
  179  16:16  Zergling x14  
  179  16:17  Zergling x4  
  179  16:18  Brood Lord  
  180  16:27  Brood Lord  
  180  16:30  Zergling x2  
  180  16:31  Zergling x20  
  186  16:37  Brood Lord x2  
  186  16:39  Zergling x4  
  178  16:40  Zergling x4  
  177  16:51  Drone x7  
  180  17:02  Zergling x18  
  180  17:05  Corruptor  
  181  17:12  Zergling x4  
  153  17:17  Zergling x4, Ultralisk  
  153  17:18  Zergling x4  
  161  17:24  Corruptor  
  157  17:35  Corruptor  
  159  17:38  Baneling x7  
  159  17:43  Zergling x6  
  162  17:44  Hatchery  
  162  17:49  Corruptor  
  163  17:57  Zergling x2  
  163  17:58  Zergling x12  
  164  18:04  Zergling x10  
  127  18:18  Zergling x6  
  110  18:27  Zergling x2  
  110  18:28  Zergling x10  
  110  18:29  Baneling x2  
  110  18:31  Baneling x2  
  116  18:35  Baneling x2  
  116  18:36  Baneling x4  
  116  18:37  Overseer  
Show
View Real Time Build Order
Export as new Build Order

Kas Terran - Winner!

Build Orders: Liberator Opening, Reaper Expand 

Get SALT Encoding   

  12  0:00  SCV  
  13  0:12  SCV  
  14  0:17  Supply Depot  
  14  0:24  SCV  
  15  0:38  SCV  
  15  0:40  Barracks  
  16  0:43  Refinery  
  16  0:50  SCV  
  17  1:02  SCV  
  18  1:15  SCV  
  19  1:28  Orbital Command  
  19  1:29  Reaper  
  20  1:39  Command Center  
  20  1:48  Supply Depot  
  20  1:54  SCV  
  21  2:01  Marine  
  22  2:06  SCV  
  22  2:08  Factory  
  23  2:16  Refinery  
  23  2:18  SCV  
  23  2:22  Barracks Reactor  
  24  2:30  SCV  
  25  2:43  SCV  
  26  2:52  Orbital Command, Starport  
  26  2:56  SCV  
  27  3:03  Hellion x2  
  31  3:08  SCV  
  31  3:09  Marine  
  33  3:19  SCV  
  34  3:21  SCV  
  34  3:26  Hellion x2  
  39  3:29  Liberator  
  39  3:31  SCV, Barracks Tech Lab  
  39  3:32  Supply Depot  
  43  3:35  SCV  
  43  3:43  SCV  
  43  3:47  SCV  
  45  3:51  Stimpack, Marine  
  46  4:00  Command Center  
  46  4:01  Supply Depot  
  46  4:02  SCV  
  47  4:04  SCV  
  47  4:09  Marine  
  49  4:10  Factory Reactor  
  49  4:14  SCV  
  49  4:16  Barracks  
  50  4:21  SCV, Barracks  
  50  4:23  Starport Reactor  
  51  4:26  SCV  
  52  4:31  Supply Depot  
  52  4:33  SCV  
  52  4:34  Marine  
  54  4:39  Engineering Bay x2  
  54  4:41  SCV  
  55  4:47  SCV  
  55  4:52  Marine  
  57  4:53  SCV  
  57  4:59  SCV, Supply Depot  
  59  5:09  SCV  
  59  5:10  Terran Infantry Weapons Level 1  
  59  5:11  SCV, Terran Infantry Armor Level 1  
  59  5:13  Refinery  
  58  5:14  Orbital Command, Refinery  
  58  5:15  Marine x3  
  58  5:21  Medivac x2  
  63  5:23  Factory Reactor  
  63  5:24  Marine x2  
  63  5:26  SCV  
  68  5:29  SCV  
  68  5:33  Marine x2  
  71  5:37  Orbital Command  
  71  5:38  SCV  
  71  5:39  Marine  
  71  5:40  Combat Shield  
  71  5:42  Marine  
  74  5:43  SCV  
  74  5:44  Marine  
  76  5:51  SCV, Marine  
  76  5:53  Supply Depot  
  76  5:54  Supply Depot, Marine  
  76  5:57  Marine  
  79  5:59  Marine  
  79  6:00  SCV  
  79  6:02  Armory, Marine  
  79  6:03  SCV x2  
  85  6:05  Widow Mine, Barracks  
  85  6:07  Widow Mine, Barracks  
  89  6:12  SCV, Missile Turret  
  89  6:15  Missile Turret  
  89  6:16  SCV  
  89  6:17  SCV  
  92  6:21  Missile Turret  
  92  6:24  SCV, Marine x4  
  84  6:43  Marine x5  
  84  6:44  Widow Mine  
  84  6:45  SCV x2, Widow Mine  
  84  6:46  SCV  
  95  6:48  Factory  
  95  6:49  Medivac  
  95  6:52  Medivac  
  95  6:54  Barracks Reactor x2  
  99  6:57  SCV  
  99  6:59  SCV  
  99  7:00  SCV, Marine  
  99  7:01  Marine x3  
  104  7:04  Marine  
  107  7:09  SCV  
  107  7:12  Command Center  
  108  7:18  Marine  
  109  7:34  Factory Tech Lab  
  109  7:39  Supply Depot  
  109  7:40  Supply Depot  
  109  7:41  Supply Depot  
  109  7:42  SCV, Supply Depot, Marine x5, Widow Mine  
  117  7:44  Terran Infantry Armor Level 2, Terran Infantry Weapons Level 2  
  117  7:46  Supply Depot  
  117  7:50  Supply Depot x2  
  117  7:51  SCV  
  117  7:52  SCV, Marine x4  
  117  7:53  Widow Mine  
  117  8:00  Marine x5  
  117  8:03  SCV  
  117  8:04  SCV  
  116  8:10  Marine  
  116  8:12  Marine  
  108  8:14  Drilling Claws, Marine x2  
  108  8:15  Thor  
  108  8:18  Supply Depot, Marine  
  108  8:19  Marauder  
  118  8:21  Marine  
  118  8:22  Marine x2  
  118  8:24  Widow Mine  
  118  8:25  Widow Mine  
  113  8:28  Marine  
  113  8:30  SCV x2, Marine  
  113  8:31  Refinery  
  113  8:32  Refinery, Marine  
  113  8:33  Bunker  
  118  8:37  Marine x2  
  118  8:38  Missile Turret  
  118  8:39  Marine  
  118  8:40  SCV, Marauder  
  124  8:42  SCV  
  124  8:46  Medivac x2  
  124  8:47  SCV  
  126  8:50  Marine x2  
  126  8:52  SCV  
  126  8:53  Planetary Fortress  
  126  8:55  SCV  
  126  8:56  Widow Mine  
  126  8:57  Widow Mine  
  126  9:00  SCV, Marine  
  132  9:04  SCV  
  133  9:11  Marine x2  
  133  9:12  Missile Turret  
  133  9:13  SCV  
  133  9:14  SCV  
  139  9:17  Thor  
  139  9:18  Medivac x2, Marine, Widow Mine  
  139  9:19  Marauder, Marine x2  
  139  9:20  Marine  
  139  9:23  Marine x2  
  157  9:29  Marine x2  
  157  9:30  Widow Mine  
  161  9:33  Barracks  
  161  9:34  Barracks  
  161  9:35  Marine  
  161  9:36  Barracks  
  162  9:43  SCV x2  
  162  9:44  Marine x4  
  168  9:48  Medivac x2  
  146  10:02  Marauder, Marine  
  146  10:04  Marine x2  
  136  10:07  Widow Mine  
  136  10:09  Thor  
  136  10:11  Marine x3  
  136  10:13  Marine  
  136  10:14  Marine  
  145  10:17  SCV x2  
  145  10:18  Medivac x2  
  145  10:20  Marine  
  152  10:22  Marine x2  
  152  10:24  Marauder  
  152  10:25  Command Center  
  152  10:27  SCV x2  
  152  10:28  Barracks Tech Lab  
  160  10:29  Barracks Reactor, Marine, Barracks Tech Lab  
  160  10:30  Terran Infantry Weapons Level 3  
  160  10:31  Marine  
  160  10:32  Marine  
  160  10:33  Widow Mine  
  160  10:34  Widow Mine  
  165  10:40  Terran Infantry Armor Level 3  
  165  10:41  Marine x2  
  165  10:42  Marine x2  
  168  10:43  Marine  
  168  10:46  Marauder  
  168  10:47  Marine  
  168  10:48  Refinery  
  168  10:49  Marine  
  164  10:50  Marine  
  164  10:54  Marine  
  151  11:09  Marine x3  
  151  11:10  Marauder  
  150  11:17  Marauder  
  149  11:21  Marine  
  149  11:22  Concussive Shells  
  149  11:23  Marauder, Marine x6  
  149  11:24  Thor  
  149  11:25  Medivac, Widow Mine x2  
  170  11:27  Marine x3  
  170  11:31  Marauder  
  170  11:32  SCV  
  173  11:33  SCV x2, Bunker  
  173  11:36  SCV  
  173  11:37  Marine  
  177  11:44  SCV  
  178  11:50  Marauder, Marine x3  
  178  11:52  Marauder  
  181  11:56  Missile Turret  
  181  11:57  Widow Mine x2  
  181  12:00  SCV  
  186  12:06  Marauder, Marine x2  
  186  12:08  Medivac x2  
  194  12:10  Marine  
  190  12:26  Marauder x2, Marine x2  
  190  12:28  Command Center  
  196  12:30  Marauder  
  196  12:44  Marine x6  
  196  12:45  Widow Mine x2  
  196  12:50  Ghost Academy  
  196  12:51  SCV, Marine  
  196  12:52  Marauder  
  196  12:56  Command Center  
  200  13:07  Marine x2  
  200  13:08  Medivac x2, Marauder, Marine x2, Widow Mine  
  200  13:09  Marine  
  200  13:12  Marine x2  
  165  13:13  Marauder  
  165  13:14  Marine  
  165  13:15  Orbital Command  
  146  13:25  Marauder, Marine x5  
  146  13:26  Widow Mine x2  
  141  13:30  Marauder  
  141  13:33  Marine x5  
  136  13:34  Marauder  
  136  13:36  Widow Mine  
  136  13:37  SCV x3  
  142  13:42  Orbital Command  
  142  13:47  Marauder, Widow Mine  
  142  13:48  SCV  
  142  13:49  SCV x3  
  142  13:51  Marauder, Marine x10  
  142  13:52  Medivac  
  142  13:53  Medivac  
  159  13:56  Marauder  
  159  13:58  Bunker  
  159  14:00  SCV  
  159  14:01  SCV  
  161  14:05  Thor  
  161  14:06  Widow Mine  
  161  14:08  Marauder, Marine x2  
  161  14:09  SCV x2, Marine x3  
  178  14:11  SCV  
  178  14:12  SCV  
  178  14:13  Marauder  
  178  14:16  Marine x4  
  186  14:17  Marauder  
  186  14:18  Marine  
  189  14:29  Marauder  
  173  14:34  Marauder  
  155  14:38  Marauder  
  155  14:41  Planetary Fortress  
  155  14:49  Marine x4  
  155  14:50  Ghost, Widow Mine  
  161  14:53  Marine x3  
  161  14:55  SCV x3, Marauder  
  161  14:58  SCV  
  161  14:59  Marine x3  
  171  15:00  Marauder  
  171  15:02  Widow Mine x2  
  177  15:08  Marine x2  
  177  15:10  Refinery  
  177  15:11  Liberator x2  
  177  15:12  Widow Mine  
  187  15:17  Marauder  
  187  15:19  Marauder  
  193  15:21  Marauder  
  193  15:23  Widow Mine x2  
  196  15:33  SCV x2  
  198  15:39  Ghost  
  200  15:43  Missile Turret  
  199  16:10  Liberator  
  200  16:13  Starport  
  200  16:16  Command Center  
  194  16:19  Command Center  
  184  16:39  Marauder  
  188  16:40  Marauder  
  188  16:42  Ghost  
  188  16:43  Marine x2  
  192  16:48  Liberator  
  192  16:50  Liberator  
  192  16:53  Liberator  
  199  16:57  Marine x2  
  199  17:00  Ghost  
  192  17:11  Ghost  
  164  17:16  Ghost  
  164  17:20  Marine x6  
  170  17:28  Ghost  
  165  17:37  Liberator  
  165  17:38  Liberator x2  
  165  17:39  Ghost  
  175  17:45  Ghost  
  176  17:57  Ghost  
  162  18:08  Ghost  
  151  18:13  Ghost  
  151  18:18  Marine x10  
  151  18:19  Widow Mine  
  166  18:20  Widow Mine x2  
  166  18:24  SCV  
  169  18:31  Refinery  
Tags
 
Add a new tag
Caveats
  • Supply blocks, unpowered buildings, or Contaminate may cause inaccurate times.
  • Supply counts are checked every 10 seconds.